 Dungeon Crawl Stone Soup version 0.28-a0-796-gd4f0d3f9b2 (webtiles) character file.

Game seed: 7877471522097852516

23783 bjdcb the Unseen (level 12, 0/60 HPs)
             Began as a Spriggan Enchanter on Nov 6, 2021.
             Was an Elder of Dithmenos.
             Shot with an arrow by a centaur (2 damage)
             ... led by a centaur warrior
             ... on level 13 of the Dungeon.
             The game lasted 00:35:36 (14800 turns).

bjdcb the Unseen (Spriggan Enchanter)              Turns: 14800, Time: 00:35:38

Health: 0/60       AC:  6    Str: 14    XL:     12   Next: 74%
Magic:  29/29      EV: 23    Int: 23    God:    Dithmenos [****..]
Gold:   1730       SH:  0    Dex: 16    Spells: 28/36 levels left

rFire   . . .      SeeInvis +   q - +5 short sword (venom)
rCold   . . .      Faith    .   (shield restricted)
rNeg    . . .      Spirit   .   u - +0 steam dragon scales
rPois   +          Reflect  .   (helmet restricted)
rElec   .          Harm     .   A - +0 cloak {rPois}
rCorr   .          Rampage  .   (gloves unavailable)
Will    ++...                   (boots unavailable)
Stlth   +++++++++.              B - amulet of regeneration
HPRegen 1.20/turn               h - +6 ring of strength
MPRegen 0.21/turn               o - +6 ring of intelligence

@: wreathed by umbra, very quick
A: very small, no large weapons, unfitting armour, see invisible, speed 3
a: Renounce Religion, Shadow Step


You were on level 13 of the Dungeon.
You worshipped Dithmenos.
Dithmenos was greatly pleased with you.
You visited 2 branches of the dungeon, and saw 14 of its levels.

You collected 1730 gold pieces.

Inventory:

Hand Weapons
 a - a +1 dagger
 q - a +5 short sword of venom (weapon)
 G - a +1 dagger of venom
Missiles
 y - 23 poisoned darts (quivered)
Armour
 d - a +1 robe of fire resistance
 m - a +1 cloak
 u - +0 steam dragon scales (worn)
 A - a +0 cloak of poison resistance (worn)
 E - a +2 robe of cold resistance
Jewellery
 e - an amulet of reflection
 g - an amulet of magic regeneration
 h - a +6 ring of strength (left hand)
 o - a +6 ring of intelligence (right hand)
 x - a ring of fire
 B - an amulet of regeneration (around neck)
Wands
 k - a wand of polymorph (13)
 t - a wand of iceblast (26)
 C - a wand of acid (2)
 D - a wand of flame (16)
 H - a wand of paralysis (12)
Scrolls
 l - 4 scrolls of teleportation
 p - 7 scrolls of identify
 w - 2 scrolls of magic mapping
 z - 2 scrolls of immolation
Potions
 b - a potion of attraction
 c - a potion of invisibility
 f - 8 potions of curing
 i - a potion of lignification
 j - 2 potions of flight
 n - a potion of brilliance
 r - a potion of heal wounds
 s - 3 potions of ambrosia
 v - a potion of haste
 F - a potion of might


   Skills:
 + Level 5.9 Fighting
 + Level 7.9 Short Blades
 + Level 9.7 Dodging
 + Level 15.6 Stealth
 + Level 12.9 Spellcasting
 + Level 13.0 Hexes


You had 28 spell levels left.
You knew the following spells:

 Your Spells              Type           Power      Damage    Failure   Level
a - Ensorcelled Hibernat  Hex/Ice        90%        N/A       1%          2
b - Tukima's Dance        Hex            66%        N/A       1%          3
c - Dazzling Flash        Conj/Hex       90%        N/A       1%          3

Your spell library contained the following spells:

 Spells                   Type           Power      Damage    Failure   Level
 Confusing Touch          Hex            66%        N/A       1%          3
 Portal Projectile        Hex/Tloc       90%        N/A       1%          3
 Summon Guardian Golem    Hex/Summ       45%        N/A       1%          3
 Leda's Liquefaction      Hex/Erth       22%        N/A       2%          4
 Static Discharge         Conj/Air       14%        N/A       6%          2
 Call Canine Familiar     Summ           14%        N/A       13%         3
 Dispel Undead            Necr           14%        3d10      38%         4
 Sticky Flame             Conj/Fire      14%        2d4       38%         4
 Freezing Cloud           Conj/Ice/Air   7%         6-21      75%         5
 Dispersal                Tloc           7%         N/A       100%        6
 Simulacrum               Ice/Necr       7%         N/A       100%        6
 Malign Gateway           Summ/Tloc      7%         N/A       100%        7
 Orb of Destruction       Conj           7%         9d3       100%        7
 Spellforged Servitor     Conj/Summ      7%         N/A       100%        7
 Disjunction              Tloc           7%         N/A       100%        8
 Summon Horrible Things   Summ           7%         N/A       100%        8
 Polar Vortex             Ice            7%         N/A       100%        9


Dungeon Overview and Level Annotations

Branches:
Dungeon (13/15)            Temple (1/1) D:5            Lair (0/6) D:9
    Orc (0/2) D:12
 Vaults: D:13-14

Altars:
Cheibriados
Dithmenos
Gozag
Hepliaklqana
Kikubaaqudgha
Makhleb
Okawaru
Qazlal
Sif Muna
Trog
Uskayaw
Vehumet
Xom
Yredelemnul
The Shining One

Annotations:
D:4 Duvessa


Innate Abilities, Weirdness & Mutations

You are very small and have problems with some larger weapons.
You are too small for most types of armour.
You have supernaturally acute eyesight. (SInv)
You cover ground extremely quickly. (Speed+++)


Message History

You climb downwards.
You hear a distant snort.
Hark!
There is a gateway to a gauntlet on this level.
Find the entrance quickly before the gate is sealed!
Found a book of Weapons.
There is a stone staircase leading up here.
The helpless centaur fails to defend itself.
You perforate the centaur like a sieve!!!!
You kill the centaur!
Dithmenos accepts your kill.
A centaur warrior comes into view.
The helpless boulder beetle fails to defend itself.
You spit the boulder beetle like a pig!!!!
The boulder beetle looks as sick as possible!
The boulder beetle is almost dead.
Your shadow hits the boulder beetle but does no damage.
The centaur warrior shouts!
The centaur shouts!
You kill the boulder beetle!
Dithmenos accepts your kill.
The centaur wields a +0 shortbow.
The centaur shoots an arrow.
The arrow hits you.
The centaur warrior wields a +0 shortbow.
The centaur warrior shoots an arrow.
The arrow hits you!!
The centaur shouts!
The centaur wields a +0 shortbow.
The centaur shoots an arrow.
The arrow completely misses you.
The centaur shoots an arrow.
The arrow misses you.
The centaur warrior wields a +0 shortbow.
The centaur warrior shoots an arrow.
The arrow closely misses you.
The centaur shoots an arrow.
The arrow misses you.
The centaur shoots an arrow.
The arrow misses you.
The centaur warrior shoots an arrow.
The arrow hits you!
There is a stone staircase leading up, spattered with blood here.
Unknown command.
The centaur shoots an arrow.
The arrow completely misses you.
The centaur shoots an arrow.
The arrow hits you!
* * * LOW HITPOINT WARNING * * *
The centaur warrior shoots an arrow.
The arrow hits you!
* * * LOW HITPOINT WARNING * * *
The centaur warrior shoots an arrow.
The arrow misses you.
The centaur shoots an arrow.
The arrow hits you.
You die...

###.........#
............#
............#
...c........#
............#
............#
......c..:..#
....c.†.....#
....c..).@..#
............#
............#
............#
............#
............#
............#
...........#


You could see 2 centaur warriors and 2 centaurs.

Vanquished Creatures
  A hydra (D:10)
  Erolcha (D:10)
  Fannar (D:10)
  An ogre mage (D:11)
  2 boulder beetles
  4 two-headed ogres
  Urug (D:12)
  An orc knight (D:11)
  2 deep elf pyromancers
  3 manticores
  8 cyclopes
  An ugly thing (D:12)
  Joseph (D:8)
  Maurice (D:9)
  A gargoyle (D:12)
  An unseen horror (D:10)
  Maggie (D:10)
  A freezing wraith (D:10)
  A troll (D:12)
  Prince Ribbit (D:8)
  A shadow (D:11)
  A wyvern (D:9)
  Eustachio (D:4)
  13 yaks
  4 vampire mosquitoes (D:10)
  A steam dragon (D:7)
  Menkaure (D:5)
  A wraith (D:12)
  2 acid dragons (D:11)
  A warg (D:12)
  2 water moccasins
  2 orc warriors
  A sky beast (D:6)
  A hornet zombie (D:8)
  6 necrophages
  4 ogres
  10 centaurs
  2 kobold brigands
  2 bullfrogs (D:8)
  A gnoll sergeant (D:9)
  4 scorpions
  A water moccasin skeleton (D:7)
  An electric eel (D:7)
  4 wights
  6 howler monkeys
  A bullfrog zombie (D:7)
  6 centaur zombies
  2 hounds
  A bullfrog skeleton (D:5)
  A jelly (D:2)
  2 centaur skeletons
  4 orc priests
  Crazy Yiuf (D:4)
  6 iguanas
  3 orc wizards
  A killer bee zombie (D:6)
  2 mummies (D:7)
  A howler monkey zombie (D:7)
  3 gnolls (D:7)
  2 howler monkey skeletons
  9 adders
  A shadow imp (D:5)
  2 white imps
  2 ufetubi (D:6)
  An adder skeleton (D:4)
  4 worms
  6 dart slugs
  24 orcs
  10 ball pythons
  4 endoplasms
  5 goblins
  8 hobgoblins
  14 kobolds
  7 quokkas
  7 bats
  5 frilled lizards
  6 rats
258 creatures vanquished.

Vanquished Creatures (collateral kills)
  A gargoyle (D:12)
  An orc warrior (D:12)
  Blork the orc (D:5)
  A gnoll sergeant (D:7)
  Dowan (D:5)
  5 wights
  2 centaur zombies
  A gnoll shaman (D:7)
  A mummy (D:7)
  3 gnolls (D:7)
17 creatures vanquished.

Vanquished Creatures (others)
  8 dancing weapons
  4 fungi (D:9)
  7 plants
  2 withered plants (D:7)
21 creatures vanquished.

Grand Total: 296 creatures vanquished

Notes
Turn   | Place    | Note
-------+----------+-------------------------------------------
     0 | D:1      | bjdcb the Spriggan Enchanter began the quest for the Orb.
     0 | D:1      | Reached XP level 1. HP: 9/9 MP: 5/5
   279 | D:1      | Reached XP level 2. HP: 7/13 MP: 7/7
   419 | D:1      | Learned a level 2 spell: Ensorcelled Hibernation
   767 | D:1      | Reached XP level 3. HP: 12/16 MP: 7/9
   771 | D:1      | Learned a level 3 spell: Tukima's Dance
   775 | D:1      | Learned a level 3 spell: Dazzling Flash
  1040 | D:2      | Identified a scroll of acquirement
  1040 | D:2      | Acquired 750 gold pieces
  1132 | D:2      | Found an ancient bone altar of Kikubaaqudgha.
  1727 | D:2      | Reached skill level 5 in Hexes
  1727 | D:2      | Reached XP level 4. HP: 21/21 MP: 8/11
  2436 | D:3      | Found a snail-covered altar of Cheibriados.
  2703 | D:3      | Found a shimmering blue altar of Sif Muna.
  2703 | D:3      | Found a bloodstained altar of Trog.
  2711 | D:3      | Found a burning altar of Makhleb.
  2713 | D:3      | Found an iron altar of Okawaru.
  2715 | D:3      | Found a stormy altar of Qazlal.
  2972 | D:3      | Reached skill level 5 in Spellcasting
  2972 | D:3      | Reached XP level 5. HP: 24/24 MP: 11/13
  2990 | D:3      | Found an opulent altar of Gozag.
  3611 | D:4      | Reached skill level 5 in Stealth
  3735 | D:4      | Noticed Eustachio
  3826 | D:4      | Identified the +9 hunting sling "Cuylour" {speed, Str+4
                  | Int+4 Dex-4}
  3940 | D:4      | Found a runed translucent door.
  3941 | D:4      | Noticed Crazy Yiuf
  3993 | D:4      | Reached XP level 6. HP: 25/28 MP: 8/15
  4160 | D:4      | Killed Eustachio
  4161 | D:4      | Reached skill level 6 in Stealth
  4355 | D:4      | Found a shadowy altar of Dithmenos.
  4363 | D:4      | Became a worshipper of Dithmenos the Shadowed
  4370 | D:4      | Found a hide-covered altar of Uskayaw.
  4595 | D:4      | Killed Crazy Yiuf
  4721 | D:5      | Entered Level 5 of the Dungeon
  4721 | D:5      | Noticed Menkaure
  4728 | D:5      | Killed Menkaure
  4729 | D:5      | Reached XP level 7. HP: 18/32 MP: 17/17
  5030 | D:5      | Reached skill level 7 in Stealth
  5031 | D:5      | Noticed Blork the orc
  5043 | D:5      | Killed Blork the orc
  5207 | D:5      | Found a staircase to the Ecumenical Temple.
  5218 | Temple   | Entered the Ecumenical Temple
  5389 | D:5      | Reached skill level 8 in Stealth
  5472 | D:5      | Reached XP level 8. HP: 36/36 MP: 20/20
  5490 | D:5      | Noticed Dowan
  5527 | D:5      | Killed Dowan
  5667 | D:5      | Noticed Duvessa
  6369 | D:6      | Reached skill level 9 in Stealth
  7014 | D:6      | Reached skill level 10 in Stealth
  7594 | D:6      | Noticed a two-headed ogre
  7602 | D:6      | Killed a two-headed ogre
  7603 | D:6      | Reached skill level 11 in Stealth
  7603 | D:6      | Reached XP level 9. HP: 39/39 MP: 11/23
  7907 | D:7      | Reached skill level 10 in Hexes
  7916 | D:7      | Found a glowing golden altar of the Shining One.
  7948 | D:7      | Reached * piety under Dithmenos
  8630 | D:7      | Reached skill level 1 in Fighting
  8633 | D:7      | Reached skill level 10 in Spellcasting
  9197 | D:7      | Reached skill level 12 in Stealth
  9346 | D:7      | Reached ** piety under Dithmenos
  9778 | D:8      | Noticed Joseph
  9820 | D:8      | Killed Joseph
  9821 | D:8      | Reached XP level 10. HP: 46/46 MP: 17/25
  9883 | D:8      | Noticed Prince Ribbit
  9888 | D:8      | Killed Prince Ribbit
 10181 | D:8      | Found a hazy altar of Hepliaklqana.
 10552 | D:9      | Noticed Maurice
 10573 | D:9      | Killed Maurice
 10574 | D:9      | Reached skill level 5 in Dodging
 11100 | D:9      | Found a staircase to the Lair.
 11455 | D:10     | Entered Level 10 of the Dungeon
 11590 | D:10     | Noticed Maggie
 11633 | D:10     | Reached skill level 13 in Stealth
 11663 | D:10     | Found a radiant altar of Vehumet.
 11669 | D:10     | Found a basalt altar of Yredelemnul.
 11686 | D:10     | Killed Maggie
 11837 | D:10     | Identified the +6 mace of the Many Knaves {protect, Fly
                  | Dex+5}
 12109 | D:10     | Noticed Erolcha
 12110 | D:10     | Noticed an eight-headed hydra
 12110 | D:10     | Noticed a cyclops
 12115 | D:10     | Killed a cyclops
 12116 | D:10     | Reached XP level 11. HP: 52/52 MP: 27/27
 12120 | D:10     | Killed Erolcha
 12120 | D:10     | Reached *** piety under Dithmenos
 12121 | D:10     | Reached skill level 5 in Short Blades
 12123 | D:10     | Killed an eight-headed hydra
 12281 | D:10     | Noticed Fannar
 12290 | D:10     | Killed Fannar
 12551 | D:11     | Noticed a two-headed ogre
 12556 | D:11     | Killed a two-headed ogre
 12557 | D:11     | Reached skill level 14 in Stealth
 12594 | D:11     | Noticed an ogre mage
 12613 | D:11     | Killed an ogre mage
 12902 | D:11     | Noticed a two-headed ogre
 12909 | D:11     | Killed a two-headed ogre
 13031 | D:11     | Noticed a deep elf pyromancer
 13097 | D:11     | Noticed a boulder beetle
 13157 | D:11     | Reached XP level 12. HP: 58/59 MP: 29/29
 13171 | D:11     | Killed a boulder beetle
 13172 | D:11     | Reached skill level 5 in Fighting
 13605 | D:12     | Reached skill level 15 in Stealth
 13696 | D:12     | Noticed Urug
 13807 | D:12     | Killed Urug
 14005 | D:12     | Found a staircase to the Orcish Mines.
 14055 | D:12     | Noticed a two-headed ogre
 14061 | D:12     | Killed a two-headed ogre
 14334 | D:11     | Reached **** piety under Dithmenos
 14548 | D:12     | Found a shimmering altar of Xom.
 14792 | D:13     | Noticed a boulder beetle
 14792 | D:13     | Noticed a centaur warrior
 14795 | D:13     | Noticed a centaur warrior
 14796 | D:13     | Killed a boulder beetle
 14800 | D:13     | HP: 2/60 [centaur warrior/arrow (11)]
 14800 | D:13     | Shot with an arrow by a centaur

Illustrated notes

Levels and vault maps discovered:
D:1:      saegor_arrival_miasma, layout_rooms, lemuel_old_faithful
D:2:      layout_basic, basic_altar
D:3:      layout_basic, chequers_temple_overflow_minitemple,
          kennysheep_slug_shrine, nicolae_gozag_cash_rules_everything_around_me
D:4:      layout_basic, amethyst_overflow_temple_binary, grunt_decor_resistance,
          minivault_11, minmay_strange_pillars, uniq_eustachio,
          uniq_crazy_yiuf_cottage
D:5:      layout_cave_pools, minmay_temple_entry_trees, uniq_blork_the_orc,
          uniq_duvessa, uniq_menkaure
D:6:      layout_cave_pods, grunt_ministairs_15
D:7:      layout_cave_pods, tso_oasis_becter, serial_undead, serial_undead_f,
          serial_undead_d, serial_undead_d, serial_undead_f,
          kennysheep_generic_room_13
D:8:      layout_loops_ring, mainiacjoe_overflow_alcove_4, minmay_holes,
          uniq_prince_ribbit1, uniq_joseph
D:9:      layout_basic, dpeg_oklobed_lair, st_stairs_5, uniq_maurice
D:10:     minmay_curly_fans, layout_cave_pods, mainiacjoe_overflow_divided_tiny,
          uniq_fannar, uniq_maggie, uniq_erolcha
D:11:     minmay_diamond_stairs, layout_irregular_city,
          minmay_fractal_squares_gapless_7
D:12:     layout_cave_pools, erik_orc_3, xom_teletrap_fun, uniq_urug
D:13:     layout_long_grid, gauntlet_entry_generic, minmay_ruined_shrine
Temple:   grunt_temple_mini_profane

Skill      XL: |  1  2  3  4  5  6  7  8  9 10 11 12 |
---------------+-------------------------------------+-----
Spellcasting   | 3 4 5 6 7 9 10 11 12 | 12.9
Hexes          | 4 5 6 7 9 10 11 12 13 | 13.0
Stealth        | 5 6 8 11 12 13 14 15 | 15.6
Dodging        | 4 6 8 9 |  9.7
Fighting       | 1 3 4 5 |  5.9
Short Blades   | 3 4 6 7 |  7.9

Action                   |  1- 3 |  4- 6 |  7- 9 | 10-12 || total
-------------------------+-------+-------+-------+-------++-------
Melee: Dagger            |   118 |   128 |   213 |       ||   459
       Short sword       |       |       |   153 |   376 ||   529
 Cast: Ensorcelled Hiber |    10 |    24 |    45 |    56 ||   135
       Dazzling Flash    |       |     2 |     3 |     2 ||     7
       Tukima's Dance    |       |     4 |    25 |    11 ||    40
Invok: Shadow Step       |       |       |       |     1 ||     1
Evoke: Wand              |       |       |       |    23 ||    23
  Use: Scroll            |     8 |     4 |     4 |     7 ||    23
       Potion            |       |     3 |       |     2 ||     5
 Stab: Sleeping          |    16 |    22 |    35 |    56 ||   129
       Distracted        |     1 |     2 |     3 |     3 ||     9
       Invisible         |       |     1 |     1 |     5 ||     7
Armor: Robe              |    16 |    19 |    61 |       ||    96
       Steam dragon scal |       |       |     2 |    36 ||    38
Dodge: Dodged            |   118 |    90 |   279 |   340 ||   827
Block: Other             |       |    19 |    67 |    22 ||   108
       Reflection        |       |     2 |       |     2 ||     4

Table legend: (Time is in decaauts)
 A = Elapsed time spent in this place.
 B = Non-inter-level travel time spent in this place.
 C = Inter-level travel time spent in this place.
 D = Time resting spent in this place.
 E = Time spent auto-exploring this place.
 F = Levels seen in this place.
 G = Mean time per level.
                   A        B        C        D        E       F      G
               +--------+--------+--------+--------+--------+-----+--------+
         Total |  11273 |  10913 |    360 |   1319 |   7036 |  14 |  805.2 |
       Dungeon |  11271 |  10911 |    360 |   1319 |   7036 |  13 |  867.0 |
        Temple |      1 |      1 |      0 |      0 |      0 |   1 |    1.0 |
               +--------+--------+--------+--------+--------+-----+--------+

Top non-repeatable levels by time:
     D:7: 1605 daAuts
     D:6: 1205 daAuts
     D:4: 1146 daAuts
     D:5: 1145 daAuts
    D:11: 1008 daAuts
     D:2: 977 daAuts
     D:1: 842 daAuts
     D:3: 766 daAuts
    D:10: 732 daAuts
     D:9: 655 daAuts
    D:12: 652 daAuts
     D:8: 527 daAuts
    D:13: 5 daAuts
  Temple: 1 daAuts
